 Dungeon Crawl Stone Soup version 0.26.0-90-g5fd8617961 (webtiles) character file.

Game seed: 10687642530005015570

32 jlumianski the Skirmisher (level 3, 0/33 HPs)
             Began as a Palentonga Fighter on Feb 2, 2021.
             Slain by a gnoll
             ... wielding a +0 whip
              (5 damage)
             ... on level 1 of the Dungeon.
             The game lasted 00:02:30 (568 turns).

jlumianski the Skirmisher (Palentonga Fighter)       Turns: 568, Time: 00:02:31

Health: 0/33       AC:  6    Str: 20    XL:     3   Next: 8%
Magic:  3/3        EV:  5    Int:  8    God:
Gold:   19         SH:  8    Dex:  9    Spells: 2/2 levels left

rFire    . . .     SeeInvis +   a - +0 war axe
rCold    . . .     Faith    .   c - +0 kite shield
rNeg     . . .     Spirit   .   b - +0 scale mail
rPois    .         Reflect  .   (no helmet)
rElec    .         Harm     .   (no cloak)
rCorr    .         Rampage  .   (no gloves)
Will     .....                  (no barding)
Stlth    ..........             (no amulet)
HPRegen  0.11/turn              (no ring)
MPRegen  0.08/turn              (no ring)

@: no status effects
A: large, rugged brown scales 3, see invisible, deformed body, roll 1, armoured
tail
a: Rolling Charge


You were on level 1 of the Dungeon.
You visited 1 branch of the dungeon, and saw 2 of its levels.

You collected 19 gold pieces.

Inventory:

Hand Weapons
 a - a +0 war axe (weapon)
Missiles
 f - 17 stones
 g - 10 poisoned darts (quivered)
Armour
 b - a +0 scale mail (worn)
 c - a +0 kite shield (worn)
Potions
 d - a potion of might
 e - a potion of attraction {unknown}
 h - a potion of lignification {unknown}


   Skills:
 + Level 3.5 Fighting
 + Level 2.1 Axes
 + Level 2.7 Armour
 + Level 2.6 Shields


You had 2 spell levels left.
You didn't know any spells.
Your spell library was empty.

Dungeon Overview and Level Annotations

Branches:
Dungeon (2/15)

Altars:


Innate Abilities, Weirdness & Mutations

You are completely covered in rugged brown scales. (AC +3, +7% HP)
You have supernaturally acute eyesight. (SInv)
Armour fits poorly on your strangely shaped body.
You can roll at nearby foes to attack.
You have a long armoured tail.


Message History

There is a stone staircase leading down here.
You closely miss the gnoll. You hit the giant cockroach.
You barely miss the gnoll. You block the gnoll's attack.
The giant cockroach bites you but does no damage.
You block the gnoll's attack.
The gnoll hits you with a +1 flail of protection.
You barely miss the gnoll. You tail-slap the gnoll!
The gnoll is almost dead.
You barely miss the giant cockroach. You hit the gnoll.
The giant cockroach barely misses you. The gnoll hits you but does no damage.
The giant cockroach bites you.
The gnoll hits you with a +1 flail of protection.
* * * LOW HITPOINT WARNING * * *
The gnoll hits you with a +0 whip.
* * * LOW HITPOINT WARNING * * *
You barely miss the gnoll.
The gnoll is almost dead.
You barely miss the giant cockroach. You barely miss the gnoll.
You block the giant cockroach's attack. The gnoll hits you with a +0 whip.
You die...

...# #.......#.[#.......... #
#### #.......#.##......###.#
#######.#+######### . #....#
##....# ##### #.....# #
#...######.....#######.# #
#...+.........B##......# .#
#...####.#.##.g@g...########.#
#...# #....#####.#..........#
#...# #....# #.#..........#
##...####....# #.#.........##
.............# #...........#
#.#.#######'#########........#
#.#.#.# #.....#............#
....#.# #.########....>....#
#.....# #.# #.........#


You could see 2 gnolls and a giant cockroach.

Vanquished Creatures
  A shadow imp (D:1)
  2 ball pythons (D:1)
  A bat (D:1)
  A giant cockroach (D:1)
  3 goblins (D:1)
  2 hobgoblins (D:1)
  4 jackals (D:1)
  2 frilled lizards (D:1)
  5 kobolds (D:1)
  2 rats (D:1)
23 creatures vanquished.

Notes
Turn   | Place    | Note
-------+----------+-------------------------------------------
     0 | D:1      | jlumianski the Palentonga Fighter began the quest for the
                  | Orb.
     0 | D:1      | Reached XP level 1. HP: 20/20 MP: 1/1
   107 | D:1      | Reached XP level 2. HP: 25/27 MP: 2/2
   487 | D:1      | Reached XP level 3. HP: 24/33 MP: 3/3
   568 | D:1      | Slain by a gnoll

Illustrated notes

Levels and vault maps discovered:
D:1:      saegor_arrival_miasma, layout_basic
D:2:      layout_basic, gammafunk_temple_overflow_statue, uniq_terence

Action                   || total
-------------------------++-------
Melee: War axe           ||    54
       Tailslap          ||     4
 Abil: Rolling Charge    ||    10
Armor: Scale mail        ||    37
Dodge: Dodged            ||    13
Block: Kite shield       ||    30
